 Dungeon Crawl Stone Soup version 0.27.1 (webtiles) character file.

Game seed: 16995497941184356561

92563 ZARRMARR the Covert (level 16, -3/163 HPs)
             Began as an Octopode Conjurer on Sept 4, 2021.
             Was an Elder of Sif Muna.
             Slain by a moth of wrath (21 damage)
             ... on level 11 of the Dungeon on Sept 5, 2021.
             The game lasted 04:18:54 (47885 turns).

ZARRMARR the Covert (Octopode Conjurer)            Turns: 47885, Time: 04:18:55

Health: -3/163     AC:  6    Str: 13    XL:     16   Next: 6%
Magic:  18/29      EV: 21    Int: 32    God:    Sif Muna [****..]
Gold:   2477       SH: 11    Dex: 17    Spells: 23/33 levels left

rFire    + + .     SeeInvis .   u - +3 Elemental Staff {rElec rF++ rC++ Will++ AC+5}
rCold    + + +     Faith    .   z - +0 kite shield
rNeg     + + .     Spirit   .   (helmet restricted)
rPois    +         Reflect  .   L - amulet of Imomnud {rC+ rN++ Regen+}
rElec    +         Harm     .   e - +6 ring of strength
rCorr    .         Rampage  .   h - ring of poison resistance
Will     +++..                  r - +4 ring of evasion
Stlth    ..........             x - ring of Shadows {Umbra +Inv Stlth+}
HPRegen  1.37/turn              f - +6 ring of dexterity
MPRegen  0.21/turn              p - +6 ring of intelligence
                                (no ring)
                                (no ring)

@: brilliant, berserking, wreathed by umbra, very quick
A: almost no armour, amphibious, 8 rings, camouflage 1, gelatinous body 1,
(nimble swimmer 1), tentacles
a: Renounce Religion, Evoke Invisibility, Channel Magic, Forget Spell, Divine
Exegesis


You were on level 11 of the Dungeon.
You worshipped Sif Muna.
Sif Muna was greatly pleased with you.
You visited 4 branches of the dungeon, and saw 22 of its levels.
You also visited: Sewer and Volcano.

You collected 2477 gold pieces.

Inventory:

Hand Weapons
 m - the +8 dagger of Gothring {vorpal, +Rage Dex+4}
   (You took it off a wizard on level 14 of the Dungeon)

   It inflicts extra damage upon your enemies.
   Dex:       It affects your dexterity (+4).
   +Rage:     It lets you go berserk.
 u - the +3 Elemental Staff (weapon) {rElec rF++ rC++ Will++ AC+5}
   (You acquired it on level 5 of the Dungeon)

   If the wielder is skilled in Evocations, they can discharge powerful blasts
   of elemental energy when striking with it.
   It enhances your fire, ice, earth and air magic.
   AC:        It affects your AC (+5).
   rF:        It greatly protects you from fire.
   rC:        It greatly protects you from cold.
   rElec:     It insulates you from electricity.
   Will:      It greatly increases your willpower.
 v - a +2 antimagic eveningstar
 A - the +6 whip "Ogreslayer" {drain, +Rage rN+ Dex-3}
   (You found it on level 7 of the Dungeon)

   A truly terrible weapon, it drains the life of any living foe it strikes.
   Dex:       It affects your dexterity (-3).
   rN:        It protects you from negative energy.
   +Rage:     It lets you go berserk.
 N - the +9 halberd of the Fray {vorpal, Stlth+}
   (You found it on level 14 of the Dungeon)

   It inflicts extra damage upon your enemies.
   Stlth:     It makes you more stealthy.
Missiles
 K - 2 throwing nets (quivered)
Armour
 z - a +0 kite shield (worn)
Jewellery
 e - a +6 ring of strength (left tentacle)
 f - a +6 ring of dexterity (on tentacle)
 h - a ring of poison resistance (right tentacle)
 p - a +6 ring of intelligence (on tentacle)
 r - a +4 ring of evasion (on tentacle)
 x - the ring of Shadows (on tentacle) {Umbra +Inv Stlth+}
   (You found it on level 5 of the Dungeon)

   [ring of stealth]

   It surrounds you with an aura of shadow, increasing your stealth and reducing
   the accuracy of all within it (including the wearer).
   +Inv:      It lets you turn invisible.
   Stlth:     It makes you more stealthy.
 L - the amulet of Imomnud (around mantle) {rC+ rN++ Regen+}
   (You took it off a human on level 14 of the Dungeon)

   [amulet of regeneration]

   rC:        It protects you from cold.
   rN:        It greatly protects you from negative energy.
   Regen:     It increases your rate of health regeneration.
Wands
 k - a wand of mindburst (7)
 o - a wand of acid (3)
 q - a wand of digging (7)
 C - a wand of flame (63)
 F - a wand of iceblast (10)
 H - a wand of charming (8)
 R - a wand of paralysis (9)
Scrolls
 c - a scroll of holy word
 d - 2 scrolls of enchant armour {unknown}
 i - a scroll of torment
 l - 4 scrolls of magic mapping
 n - 2 scrolls of silence
 s - 7 scrolls of amnesia
 t - 5 scrolls of enchant weapon
 y - a scroll of vulnerability {unknown}
 D - 3 scrolls of immolation
 E - 3 scrolls of teleportation
 G - 4 scrolls of fog {unknown}
 J - 2 scrolls of summoning {unknown}
 O - a scroll of fear {unknown}
 P - a scroll of blinking
 Q - 2 scrolls of brand weapon {unknown}
Potions
 a - 9 potions of flight
 b - 9 potions of curing
 g - a potion of brilliance
 j - 3 potions of attraction
 w - 3 potions of mutation
 I - 2 potions of cancellation
 M - a potion of resistance
 Y - 2 potions of might
 Z - 2 potions of heal wounds
Miscellaneous
 B - a piece from Xom's chessboard (15/15)


   Skills:
 + Level 9.8 Fighting
 + Level 8.9 Staves
 + Level 9.9 Dodging
 + Level 13.5 Stealth
 + Level 8.5 Shields
 + Level 9.2 Spellcasting
 - Level 8.8 Conjurations
 + Level 7.4 Transmutations
 + Level 7.5 Earth Magic
 + Level 7.8 Invocations
 + Level 9.8 Evocations


You had 23 spell levels left.
You knew the following spells:

 Your Spells              Type           Power      Damage    Failure   Level
a - Magic Dart            Conj           100%       1d8       1%          1
b - Searing Ray           Conj           100%       3d7       1%          2
c - Stone Arrow           Conj/Erth      100%       3d13      1%          3
d - Petrify               Tmut/Erth      96%        N/A       3%          4

Your spell library contained the following spells:

 Spells                   Type           Power      Damage    Failure   Level
 Static Discharge         Conj/Air       77%        N/A       1%          2
 Dazzling Flash           Conj/Hex       100%       N/A       3%          3
 Corona                   Hex            24%        N/A       8%          1
 Pain                     Necr           88%        1d8       8%          1
 Corpse Rot               Necr/Air       N/A        N/A       12%         2
 Ensorcelled Hibernation  Hex/Ice        66%        N/A       12%         2
 Slow                     Hex            22%        N/A       12%         2
 Fulminant Prism          Conj/Hex       29%        3d14      12%         4
 Iskenderun's Mystic Bla  Conj/Tloc      59%        2d12      12%         4
 Sticky Flame             Conj/Fire      77%        2d9       12%         4
 Confusing Touch          Hex            22%        N/A       22%         3
 Tukima's Dance           Hex            22%        N/A       22%         3
 Vampiric Draining        Necr           11%        2d7       22%         3
 Bolt of Magma            Conj/Fire/Erth 53%        4d21      22%         5
 Lightning Bolt           Conj/Air       38%        1d57      32%         5
 Statue Form              Tmut/Erth      64%        N/A       47%         6
 Airstrike                Air            16%        N/A       58%         4
 Animate Dead             Necr           11%        N/A       58%         4
 Dispel Undead            Necr           22%        3d12      58%         4
 Summon Lightning Spire   Summ/Air       33%        N/A       58%         4
 Starburst                Conj/Fire      38%        6d11      88%         6
 Agony                    Necr           22%        N/A       91%         5
 Excruciating Wounds      Necr           11%        N/A       91%         5
 Metabolic Englaciation   Hex/Ice        16%        N/A       91%         5
 Death Channel            Necr           11%        N/A       100%        6
 Haunt                    Necr/Summ      11%        N/A       100%        7
 Infestation              Necr           11%        N/A       100%        8
 Shatter                  Erth           48%        3d37*     100%        9


Dungeon Overview and Level Annotations

Branches:
Dungeon (14/15)            Temple (1/1) D:6            Lair (6/6) D:11
  Swamp (0/4) Lair:4        Snake (0/4) Lair:3        Slime (0/5) Lair:5
    Orc (1/2) D:12         Vaults (0/5) D:14          Sewer (visited)
Volcano (visited)

Altars:
Ashenzari
Cheibriados
Dithmenos
Elyvilon
Fedhas
Gozag
Hepliaklqana
Kikubaaqudgha
Makhleb
Nemelex Xobeh
Okawaru
Qazlal
Ru
Sif Muna
Trog
Uskayaw
Vehumet
Wu Jian
Xom
Yredelemnul
Zin
The Shining One
Beogh
Jiyva

Shops:
D:9 (   D:14 (

Annotations:
D:11 pkoi's ghost, journeyman TrFi
D:14 3 runed translucent doors, Usom's ghost, journeyman FoFi
Lair:2 2 transporters, thromnambular's ghost, journeyman GnTm
Lair:3 3 runed translucent doors, Irhican's ghost, journeyman MiBe


Innate Abilities, Weirdness & Mutations

You cannot wear most types of armour.
You are amphibious.
You can wear up to eight rings at the same time.
Your skin changes colour to match your surroundings (Stealth+).
Your rubbery body absorbs attacks. (AC +1, EV +1)
((You are camouflaged near water. (Stealth+)))
You have tentacles for arms and can constrict up to eight enemies at once.


Message History

Aim: a yak (heavily wounded, umbra, 83% to hit)
You feel a strong surge of power!
The stone arrow hits the wyvern!!
The wyvern is severely wounded.
You block the wyvern's attack. The wyvern completely misses you.
The basilisk misses you. The yak closely misses you.
The wyvern closely misses you.
Casting: Stone Arrow (safe; 1% risk of failure)
Confirm with . or Enter, or press ? or * to list all spells.
Aiming: Stone Arrow (safe; 1% risk of failure)
Press: ? - help, Shift-Dir - straight line, f/p - yak
Aim: a yak (heavily wounded, umbra, 83% to hit)
You feel a strong surge of power!
The stone arrow hits the wyvern!!
You kill the wyvern!
Sif Muna accepts your kill. The yak closely misses you. Pkoi's ghost hits you!!
The basilisk bites you!
* * * LOW HITPOINT WARNING * * *
You block the yak's attack.
The moth of wrath bites you but does no damage.
You enter the transporter and appear at another place.
You block the yak's attack. You block the basilisk's attack.
The moth of wrath bites you!!
* * * LOW HITPOINT WARNING * * *
The moth of wrath infuriates you!
A red film seems to cover your vision as you go berserk!
You feel yourself moving faster!
You feel mighty!
You are too berserk!
Unknown command.
Unknown command.
You miss the basilisk. Your grab misses the basilisk.
The basilisk is moderately wounded.
The yak misses you. You block the basilisk's attack.
The moth of wrath misses you.
You sock the basilisk! You freeze the basilisk!!
You kill the basilisk!
Sif Muna accepts your kill. The yak misses you.
You hit pkoi's ghost but do no damage.
You squeeze pkoi's ghost, but do no damage.
The moth of wrath bites you!!
You die...

........#....)?($.#..##.#
.......##.##..[###....#.#
...#...#.....#.....#.##.#
...###.#©.##.W©..#...#..#
...# #.#......#..##).#.##
...# #.##Y..#...#....#.#
...###..#....#......##.#
##......#####..###.##..#
.#####......####@###..##
.# #.........WYy...## ##
#####.......#####
#########


You could see a moth of wrath, a yak (berserk) and pkoi's ghost.

Vanquished Creatures
  Josephine (D:14)
  A fire dragon (Lair:6)
  9 hydras
  A boulder beetle (Lair:3)
  4 vault guards (D:14)
  Erica (D:9)
  A centaur warrior (D:14)
  A death knight (D:12)
  2 catoblepae
  9 death yaks
  A dancing weapon (Volcano)
  7 two-headed ogres
  A tengu warrior (D:14)
  Urug (Lair:4)
  The ghost of WaxSun the Firebug, a novice OgFE of Hepliaklqana (D:7)
  A skeletal warrior (D:12)
  14 wizards
  A bog body (Lair:4)
  2 lindwurms (Lair:6)
  A deep elf zephyrmancer (D:14)
  A phantasmal warrior (D:12)
  A deep elf pyromancer (D:14)
  An orb spider (shapeshifter) (D:13)
  A wolf spider (D:11)
  An orc sorcerer (D:14)
  3 cyclopes
  4 oklob plants (Lair:5)
  2 manticores (Lair:6)
  3 ugly things
  2 black mambas (Lair:6)
  18 elephants
  5 toenail golems (Volcano)
  7 torpor snails (Lair:6)
  2 gargoyles
  13 cane toads
  3 rime drakes
  11 komodo dragons
  An unseen horror (D:12)
  3 freezing wraiths
  2 tengu conjurers (D:14)
  A polar bear (Lair:6)
  4 tyrant leeches (Lair:6)
  4 trolls
  8 hornets
  9 dream sheep
  27 blink frogs
  A tarantella (shapeshifter) (D:14)
  8 wraiths
  2 shadows
  6 wyverns
  46 yaks
  4 vampires
  6 humans (D:14)
  5 vampire mosquitoes
  Grum (D:9)
  4 basilisks
  3 wargs (D:11)
  16 water moccasins
  3 nagas (Lair:3)
  An ice beast (D:8)
  A sky beast (D:5)
  A hornet zombie (D:8)
  3 orc warriors
  A necrophage (D:5)
  13 wolves
  2 ogres
  12 centaurs
  A phantom (D:4)
  2 kobold brigands (D:8)
  16 bullfrogs
  2 gnoll sergeants
  2 scorpions (D:5)
  4 killer bees (D:9)
  An electric eel (D:9)
  7 howler monkeys
  3 centaur zombies
  A jelly (D:7)
  2 hounds
  12 orc priests
  An iguana (D:3)
  9 orc wizards
  2 merfolk sirens (Sewer)
  A hell rat (Lair:6)
  A merfolk avatar (Sewer)
  A killer bee zombie (D:8)
  13 gnolls
  A howler monkey skeleton (D:6)
  A river rat (Sewer)
  7 adders
  A shadow imp (D:5)
  2 white imps (D:6)
  An ufetubus (D:7)
  A worm (D:2)
  2 dart slugs (D:2)
  42 orcs
  11 ball pythons
  11 endoplasms
  5 giant cockroaches
  9 goblins
  11 hobgoblins
  6 jackals (D:2)
  13 kobolds
  8 quokkas
  7 bats
  10 frilled lizards
  34 rats
  A butterfly (D:7)
601 creatures vanquished.

Vanquished Creatures (others)
  A wizard (D:14)
  2 humans (D:14)
  An orc wizard (D:6)
  54 fungi
  82 plants
140 creatures vanquished.

Grand Total: 741 creatures vanquished

Notes
Turn   | Place    | Note
-------+----------+-------------------------------------------
     0 | D:1      | ZARRMARR the Octopode Conjurer began the quest for the Orb.
     0 | D:1      | Reached XP level 1. HP: 11/11 MP: 3/3
   142 | D:1      | Reached XP level 2. HP: 18/18 MP: 1/5
   189 | D:1      | Reached skill level 3 in Stealth
   759 | D:1      | Reached XP level 3. HP: 22/22 MP: 4/6
  1179 | D:2      | Reached skill level 1 in Fighting
  1470 | D:2      | Found a faded altar of an unknown god.
  1788 | D:2      | Reached XP level 4. HP: 28/28 MP: 3/7
  3211 | D:3      | Reached XP level 5. HP: 33/33 MP: 4/9
  3237 | D:3      | Reached skill level 4 in Stealth
  3331 | D:3      | Found a glowing drain.
  3339 | Sewer    | Entered a sewer
  3837 | Sewer    | Reached XP level 6. HP: 36/39 MP: 4/10
  4485 | D:3      | Found a snail-covered altar of Cheibriados.
  5575 | D:4      | Reached skill level 5 in Stealth
  5581 | D:4      | Learned a level 2 spell: Searing Ray
  5813 | D:4      | Reached skill level 5 in Conjurations
  5989 | D:4      | Reached XP level 7. HP: 40/45 MP: 1/12
  6733 | D:5      | Entered Level 5 of the Dungeon
  6980 | D:5      | Reached skill level 6 in Stealth
  7145 | D:5      | Reached XP level 8. HP: 53/53 MP: 6/14
  7362 | D:5      | Found the ring of Shadows {Umbra +Inv Stlth+}
  7620 | D:5      | Identified a scroll of acquirement
  7622 | D:5      | Acquired the +3 Elemental Staff {rElec rF++ rC++ Will++
                  | AC+5}
  7622 | D:5      | Found the +3 Elemental Staff {rElec rF++ rC++ Will++ AC+5}
  7707 | D:5      | Reached skill level 1 in Staves
  7707 | D:5      | Reached skill level 1 in Evocations
  8336 | D:6      | Noticed a hornet
  8360 | D:6      | Reached skill level 7 in Stealth
  8456 | D:7      | Noticed a vampire
  8620 | D:7      | Identified the +6 whip "Ogreslayer" {drain, +Rage rN+
                  | Dex-3}
  8648 | D:7      | Found a shimmering altar of Xom.
  8845 | D:7      | Reached skill level 5 in Dodging
  9143 | D:7      | Reached skill level 1 in Shields
  9143 | D:7      | Reached XP level 9. HP: 59/59 MP: 7/15
  9271 | D:7      | Found a runed translucent gate.
  9271 | D:7      | Found a runed translucent gate.
  9271 | D:7      | Found a runed translucent gate.
  9498 | D:7      | Noticed WaxSun's ghost (novice OgFE)
  9883 | D:8      | Noticed a two-headed ogre
 10189 | D:9      | Noticed Erica
 10289 | D:10     | Entered Level 10 of the Dungeon
 10468 | D:10     | Noticed a gargoyle
 11263 | D:6      | Paralysed by a hornet for 2 turns
 11281 | D:6      | Found a staircase to the Ecumenical Temple.
 11290 | Temple   | Entered the Ecumenical Temple
 11848 | D:6      | Reached skill level 8 in Stealth
 12095 | D:6      | Killed a hornet
 12096 | D:6      | Reached skill level 5 in Fighting
 12096 | D:6      | Reached skill level 5 in Spellcasting
 12333 | D:6      | Found a basalt altar of Yredelemnul.
 12335 | D:6      | Found an ornate altar of the Wu Jian Council.
 12844 | D:6      | Found a basalt altar of Yredelemnul.
 12869 | D:6      | Found an ornate altar of the Wu Jian Council.
 12980 | D:6      | Found a staircase to the Ecumenical Temple.
 13891 | D:9      | Found Kinomivvu's Weapon Boutique.
 14231 | D:9      | Noticed Grum
 14242 | D:9      | Killed Grum
 14243 | D:9      | Reached XP level 10. HP: 34/66 MP: 0/17
 15250 | D:9      | Found a shimmering blue altar of Sif Muna.
 15457 | D:9      | Became a worshipper of Sif Muna the Loreminder
 15587 | D:7      | Reached skill level 9 in Stealth
 15715 | D:8      | Killed a two-headed ogre
 16887 | D:10     | Reached skill level 1 in Transmutations
 17013 | D:10     | Reached skill level 1 in Earth Magic
 17048 | D:10     | Killed a gargoyle
 17049 | D:10     | Reached skill level 5 in Evocations
 17049 | D:10     | Reached XP level 11. HP: 50/72 MP: 4/19
 17533 | D:10     | Noticed a two-headed ogre
 17685 | D:10     | Killed a two-headed ogre
 17928 | D:11     | Noticed a two-headed ogre
 17957 | D:11     | Killed a two-headed ogre
 18227 | D:11     | You fall into a shaft and drop 3 floors!
 18227 | D:14     | Found a hide-covered altar of Uskayaw.
 18500 | D:12     | Noticed a two-headed ogre
 18511 | D:12     | Killed a two-headed ogre
 18512 | D:12     | Reached skill level 5 in Staves
 18572 | D:11     | Noticed an eight-headed hydra
 18579 | D:11     | Noticed a two-headed ogre
 18623 | D:11     | Noticed pkoi's ghost (journeyman TrFi)
 18624 | D:11     | Found a transporter.
 18654 | D:11     | Found a transporter.
 18670 | D:11     | Noticed a green ugly thing
 18678 | D:11     | Found a staircase to the Lair.
 18684 | D:11     | Noticed a red ugly thing
 18889 | D:11     | Reached skill level 10 in Stealth
 18909 | D:11     | Reached skill level 1 in Invocations
 19111 | D:11     | Reached * piety under Sif Muna
 19353 | D:11     | Noticed a moth of wrath
 19354 | D:11     | Noticed a wolf spider
 19819 | D:12     | Noticed a cyclops
 19927 | D:12     | Found a staircase to the Orcish Mines.
 20116 | D:12     | Noticed a two-headed ogre
 20210 | D:13     | Noticed a catoblepas
 20567 | D:14     | Found a runed translucent gate.
 20567 | D:14     | Found a runed translucent gate.
 20567 | D:14     | Found a runed translucent gate.
 20577 | D:14     | Found Avosed's Antique Weapon Boutique.
 20590 | D:14     | Identified the +9 halberd of the Fray {vorpal, Stlth+}
 20652 | D:14     | Noticed Josephine
 20748 | Orc:1    | Entered Level 1 of the Orcish Mines
 21136 | D:7      | Killed WaxSun's ghost
 21284 | D:9      | Killed Erica
 21377 | D:9      | Found Kinomivvu's Weapon Boutique.
 21842 | D:9      | Found a shimmering blue altar of Sif Muna.
 22086 | D:11     | Killed a green ugly thing
 22110 | D:11     | Killed a red ugly thing
 22111 | D:11     | Reached skill level 5 in Shields
 22254 | D:11     | Killed an eight-headed hydra
 22255 | D:11     | Reached XP level 12. HP: 80/80 MP: 21/21
 22403 | D:11     | Found a transporter.
 22431 | D:11     | Found a staircase to the Lair.
 22585 | D:11     | Found a transporter.
 22687 | D:11     | Killed a two-headed ogre
 22947 | Lair:1   | Entered Level 1 of the Lair of Beasts
 23918 | Lair:1   | Noticed a four-headed hydra
 24082 | Lair:1   | Killed a four-headed hydra
 24120 | Lair:1   | Noticed an eight-headed hydra
 24132 | Lair:1   | Killed an eight-headed hydra
 25148 | Lair:2   | Reached ** piety under Sif Muna
 25354 | Lair:2   | Found a transporter.
 25354 | Lair:2   | Noticed thromnambular's ghost (journeyman GnTm)
 25357 | Lair:2   | Found a transporter.
 25405 | Lair:2   | Reached skill level 11 in Stealth
 25953 | Lair:3   | Identified the +2 leather armour of the Wilderness {Contam
                  | rElec rC+++ Int+4}
 26242 | Lair:3   | Reached XP level 13. HP: 83/87 MP: 11/23
 26306 | Lair:3   | Found a staircase to the Snake Pit.
 26569 | Lair:3   | Found a runed translucent gate.
 26570 | Lair:3   | Found a runed translucent gate.
 26571 | Lair:3   | Found a runed translucent gate.
 26571 | Lair:3   | Noticed Irhican's ghost (journeyman MiBe)
 27353 | Lair:4   | Found a staircase to the Swamp.
 28181 | Lair:4   | Reached *** piety under Sif Muna
 28503 | Lair:4   | Reached skill level 5 in Earth Magic
 28794 | Lair:4   | Noticed Urug
 29264 | Lair:4   | Killed Urug
 29637 | Lair:5   | Reached skill level 5 in Transmutations
 30064 | Lair:4   | Reached skill level 5 in Invocations
 30714 | Lair:5   | Found a staircase to the Slime Pits.
 31655 | D:12     | Reached skill level 12 in Stealth
 32432 | D:12     | Reached XP level 14. HP: 93/95 MP: 14/25
 33049 | D:11     | Found a transporter.
 33077 | D:11     | Found a transporter.
 33141 | D:11     | Found a staircase to the Lair.
 33984 | D:12     | Found a staircase to the Orcish Mines.
 35249 | D:13     | Learned a level 3 spell: Stone Arrow
 36239 | D:14     | Killed Josephine
 36693 | D:14     | Noticed Usom's ghost (journeyman FoFi)
 36693 | D:14     | Noticed a quicksilver ooze
 37003 | D:14     | Identified the +8 dagger of Gothring {vorpal, +Rage Dex+4}
 37498 | D:14     | Identified the amulet of Imomnud {rC+ rN++ Regen+}
 37761 | D:14     | Reached **** piety under Sif Muna
 38671 | D:14     | Found a gate to the Vaults.
 38752 | D:14     | Found a viscous altar of Jiyva.
 41323 | Lair:5   | Reached XP level 15. HP: 101/101 MP: 13/27
 41397 | Lair:5   | Learned a level 4 spell: Petrify
 42420 | Lair:6   | Entered Level 6 of the Lair of Beasts
 42562 | Lair:6   | Found a dark tunnel.
 42570 | Volcano  | Entered a volcano
 42684 | Volcano  | Reached skill level 13 in Stealth
 45733 | Lair:6   | Found a runed translucent door.
 46342 | Lair:6   | Identified the +1 leather armour of the Dozen Continents
                  | {Rampage}
 46432 | Lair:6   | Reached XP level 16. HP: 92/108 MP: 17/29
 47885 | D:11     | Slain by a moth of wrath

Illustrated notes

Levels and vault maps discovered:
D:1:      psy_arrival_radial01, layout_basic, minmay_worlds_worst_comb
D:2:      layout_loops_ring, hellmonk_ecumenical_altar_defaced_shrine,
          minmay_joined_circles
D:3:      layout_basic, mainiacjoe_overflow_concentric_impassable,
          portal_sewer_entry_b
D:4:      layout_loops_ring, kennysheep_potato
D:5:      layout_loops_corners, guppyfry_early_orc_mine
D:6:      layout_basic, mainiacjoe_overflow_catwalk_spiral, temple_pool_b,
          nrook_mini_backslash
D:7:      layout_loops_ring, xom_butterflies, ebering_ghost_rock_garden,
          chequers_serial_rivers_room_a, minmay_misc_feat_roman
D:8:      layout_rooms, glass_columns_c
D:9:      layout_loops_ring, lemuel_blue_sif_altar, serial_shops,
          kennysheep_little_box, chequers_avenue, hex_tiny, serial_park_tiny_1,
          minmay_misc_feat_rugged, grunt_ministairs_9, hangedman_decor_opposing,
          kennysheep_cluttered_room, moated_statue, minmay_misc_feat_rows,
          serial_bayou_ford_a, uniq_erica, uniq_grum
D:10:     layout_loops_corners
D:11:     layout_big_octagon, erik_lair_orcish_takeover,
          gammafunk_ghost_berserking_beasts
D:12:     layout_loops_ring, orc_0_dummy
D:13:     layout_grid_maze
D:14:     minmay_tri_stars, layout_irregular_city, ximxim_vaults_locker_room,
          serial_rivers, chequers_serial_rivers_small_b,
          chequers_serial_rivers_small_b, chequers_serial_rivers_small_a,
          chequers_serial_rivers_small_3, chequers_serial_rivers_room_a,
          nicolae_uskayaw_dance_hall, serial_shops, kennysheep_mini,
          gammafunk_ghost_ooze, uniq_josephine
Temple:   minmay_crystal_spiral_temple
Lair:1:   layout_cave_pods
Lair:2:   layout_long_grid, gammafunk_ghost_arena
Lair:3:   layout_gridlike, guppyfry_snake_entry_garden, gammafunk_ghost_split
Lair:4:   layout_cave_pods, skrybe_swamp_entry_bodies, uniq_urug
Lair:5:   layout_cave_pods, slime_dummy, grunt_forest_stairs_basic,
          minmay_lair_oklob_chamber, lemuel_fruit_tree, grunt_megastairs_5
Lair:6:   hangedman_lair_in_review, layout_regular_city, wormcave,
          lightli_volcano_entry_magma_tube
Orc:1:    layout_caves, serial_shops, shop, nicolae_shop_firing_range

Skill      XL: |  1  2  3  4  5  6  7  8  9 10 11 12 13 14 15 |
---------------+----------------------------------------------+-----
Stealth        | 3 4 5 6 7 8 9 10 11 12 13 | 13.5
Fighting       | 1 2 3 4 5 6 7 8 9 |  9.8
Dodging        | 3 4 5 6 7 8 9 |  9.9
Spellcasting   | 3 4 5 6 7 8 9 |  9.2
Conjurations   | 5 6 7 8 |  8.8
Staves         | 2 3 4 5 6 7 8 |  8.9
Evocations     | 2 3 5 6 7 8 9 |  9.8
Shields        | 1 2 4 5 6 7 8 |  8.5
Transmutations | 1 3 4 5 6 7 |  7.4
Earth Magic    | 1 3 4 5 6 7 |  7.5
Invocations    | 2 4 5 6 7 |  7.8

Action                   |  1- 3 |  4- 6 |  7- 9 | 10-12 | 13-15 | 16-18 || total
-------------------------+-------+-------+-------+-------+-------+-------++-------
Melee: Unarmed           |     8 |    81 |     7 |       |       |       ||    96
       Constrict         |     2 |    25 |     5 |     7 |    22 |       ||    61
       Tentacles         |     1 |    14 |     2 |    14 |    42 |     1 ||    74
       Staff             |       |       |    11 |    49 |   153 |     3 ||   216
Throw: Boomerang         |       |    33 |     6 |     4 |     2 |       ||    45
       Throwing net      |       |       |       |       |     2 |       ||     2
 Cast: Magic Dart        |    71 |   190 |    87 |   136 |   288 |       ||   772
       Searing Ray       |       |     3 |    97 |   150 |   174 |     2 ||   426
       Stone Arrow       |       |       |       |       |   346 |     6 ||   352
       Petrify           |       |       |       |       |     3 |       ||     3
Invok: Channel Magic     |       |       |       |       |    13 |       ||    13
 Abil: Evoke Invisibilit |       |       |     2 |       |       |       ||     2
Evoke: Wand              |       |       |     7 |    47 |    21 |    39 ||   114
  Use: Scroll            |     2 |     5 |    13 |     7 |    12 |     2 ||    41
       Potion            |       |       |     1 |     4 |     7 |     3 ||    15
 Stab: Sleeping          |       |     1 |     1 |       |     1 |       ||     3
       Paralysed         |       |       |       |     2 |       |       ||     2
Armor: Skin              |       |    12 |    11 |    18 |    54 |     5 ||   100
Dodge: Dodged            |     9 |    45 |    68 |   113 |   415 |    23 ||   673
Block: Kite shield       |       |       |     8 |    91 |   297 |    12 ||   408
